 Dungeon Crawl Stone Soup version 0.31-a0-728-g01b46875f1 (webtiles) character file.

Game seed: 582710549756392511

2615 senseless the Shooter (level 9, 0/69 HPs)
             Began as a Demonspawn Gladiator on Sept 11, 2023.
             Slain by a troll (4 damage)
             ... on level 6 of the Dungeon.
             The game lasted 00:15:59 (5403 turns).

senseless the Shooter (Demonspawn Gladiator)        Turns: 5403, Time: 00:16:00

Health: 0/69       AC:  5    Str: 15    XL:     9   Next: 34%
Magic:  9/9        EV: 20    Int: 11    God:
Gold:   321        SH:  0    Dex: 19    Spells: 7/8 levels left

rFire   . . .        a - +4 battleaxe
rCold   . . .        (shield currently unavailable)
rNeg    . . .        j - +0 leather armour
rPois   +            c - +0 helmet
rElec   .            (no cloak)
rCorr   .            z - +0 pair of gloves
SInv    .            (no boots)
Will    .....        o - amulet of magic regeneration
Stlth   +            q - ring of poison resistance
HPRegen 0.31/turn    s - +5 ring of evasion
MPRegen 0.51/turn

%: no passive effects
@: no status effects
A: powered by pain 2, spiny 1, big brain 1, weakness stinger 2
a: no special abilities


You were on level 6 of the Dungeon.
You visited 2 branches of the dungeon, and saw 7 of its levels.

You collected 321 gold pieces.

Inventory:

Hand Weapons
 a - a +4 battleaxe (weapon)
 b - a +3 longbow of freezing
 f - a +0 long sword
 w - the +0 whip "Soceo" {spect, Will- SInv Stlth+}
   (You found it on level 5 of the Dungeon)

   Will-:     It decreases your willpower.
   SInv:      It lets you see invisible.
   Stlth+:    It makes you more stealthy.
 y - a +2 whip of venom
Missiles
 d - 4 throwing nets
 e - 5 javelins
 h - 10 poisoned darts
Armour
 c - a +0 helmet (worn)
 j - a +0 leather armour (worn)
 p - a +0 cloak
 z - a +0 pair of gloves (worn)
Jewellery
 o - an amulet of magic regeneration (around neck)
 q - a ring of poison resistance (left hand)
 r - a ring of wizardry
 s - a +5 ring of evasion (right hand)
Scrolls
 k - 3 scrolls of teleportation
 v - a scroll of revelation
Potions
 g - a potion of attraction
 i - 2 potions of lignification
 l - a potion of curing
 m - a potion of mutation
 n - a potion of enlightenment
 t - a potion of ambrosia {unknown}
 u - a potion of magic
 x - a potion of cancellation {unknown}


   Skills:
 + Level 6.2 Fighting
 - Level 4.9 Long Blades
 + Level 3.0 Axes
 * Level 6.9 Ranged Weapons
 - Level 1.7 Throwing
 + Level 6.0 Dodging


You had 7 spell levels left.
You knew the following spells:

 Your Spells              Type           Power      Damage    Failure   Level
a - Sandblast             Erth           0%         2d4       41%         1

Your spell library contained the following spells:

 Spells                   Type           Power      Damage    Failure   Level
 Apportation              Tloc           0%         N/A       41%         1
 Summon Small Mammal      Summ           0%         N/A       41%         1
 Jinxbite                 Hex            0%         N/A       54%         2
 Passwall                 Tmut/Erth      0%         N/A       54%         2
 Static Discharge         Conj/Air       0%         2-2/arc   54%         2
 Call Canine Familiar     Summ           0%         N/A       78%         3
 Stone Arrow              Conj/Erth      0%         3d7       78%         3
 Summon Guardian Golem    Hex/Summ       0%         N/A       78%         3
 Airstrike                Air            0%         2d(0-16)  99%         4
 Summon Lightning Spire   Summ/Air       0%         N/A       99%         4
 Alistair's Intoxication  Tmut/Pois      0%         N/A       100%        5


Dungeon Overview and Level Annotations

Branches:
Dungeon (6/15)             Temple (1/1) D:5

Altars:
Ashenzari
Dithmenos
Fedhas
Kikubaaqudgha
Makhleb
Nemelex Xobeh
Okawaru
Qazlal
Ru
Sif Muna
Trog
Uskayaw
Vehumet
Wu Jian
Xom
Yredelemnul

Shops:
D:6 (


Innate Abilities, Weirdness & Mutations

You sometimes gain power by taking damage.
You are partially covered in sharp spines.
You have an unusually large brain. (Int +2)
You have a tail ending in a sharp stinger.


Message History

The centaur wields a +0 shortbow.
The centaur shoots an arrow.
The arrow hits you!
There is an open door here.
You shoot an arrow. The arrow hits the centaur!
The arrow freezes the centaur.
The centaur is severely wounded.
The centaur shoots an arrow.
The arrow misses you.
The centaur shoots an arrow.
The arrow barely misses you.
You shoot an arrow. The arrow barely misses the centaur.
The centaur shoots an arrow.
The arrow completely misses you.
The centaur shoots an arrow.
The arrow misses you.
You shoot an arrow. The arrow hits the centaur!
The arrow freezes the centaur.
You kill the centaur!
Your Axes skill increases to level 3!
A troll is nearby!
You shoot an arrow. The arrow hits the troll!!
The arrow freezes the troll.
The troll is severely wounded.
Your +3 longbow of freezing stops glowing.
a - a +4 battleaxe (weapon)
You closely miss the troll.
The troll is heavily wounded.
The troll completely misses you. The troll claws you!
The troll completely misses you. The troll is struck by your spines.
The troll completely misses you. The troll claws you!
* * * LOW HITPOINT WARNING * * *
The troll claws you.
* * * LOW HITPOINT WARNING * * *
Okay, then.
You hit the troll.
The troll is severely wounded.
The troll is struck by your spines. The troll closely misses you.
The troll completely misses you. The troll claws you.
* * * LOW HITPOINT WARNING * * *
You hit the troll but do no damage.
The troll is almost dead.
The troll bites you but does no damage. The troll closely misses you.
The troll claws you.
* * * LOW HITPOINT WARNING * * *
The troll is struck by your spines. The troll bites you but does no damage.
The troll claws you.
You die...

#<#####.........##...##..........
### #..............#####.......
#.........#.....# ###.....
#......#####....#####......
##......# ##....##........
#.......# ##.............
######...#...# ##............
#........#...########...#.....#..
.#####......##..@T.##...#....##..
### ###.....#..###..#...#...####.
#.###.......#)8#[#8.#.......# #.
#.#........##'##)##'##.....## #.
##.........#8. #(#...'.....# #.
#....######.. +?#..8##...## ##.
##.#### ## #?##+###...# #.. ..##
#!# ##..# ##.. ##.## .## #.##
##...


You could see a troll.

Vanquished Creatures
  Pikel (D:6)
  Grinder (D:3)
  3 yaks (D:6)
  An acid dragon (D:6)
  A black bear (D:6)
  2 ice beasts
  A centaur (D:6)
  2 lemures (D:6)
  4 phantoms
  2 scorpions (D:5)
  2 jellies (D:4)
  2 hounds (D:4)
  5 orc priests
  A sleepcap (D:4)
  2 orc wizards
  3 iguanas
  5 adders
  6 gnolls
  A shadow imp (D:6)
  2 white imps
  2 worms (D:2)
  5 dart slugs
  13 orcs
  12 ball pythons
  4 bats
  6 endoplasms
  5 giant cockroaches (D:2)
  10 goblins
  6 hobgoblins
  2 quokkas
  A frilled lizard (D:1)
  8 kobolds
121 creatures vanquished.

Notes
Turn   | Place    | Note
-------+----------+-------------------------------------------
     0 | D:1      | senseless the Demonspawn Gladiator began the quest for the
                  | Orb.
     0 | D:1      | Reached XP level 1. HP: 16/16 MP: 1/1
    75 | D:1      | Gained mutation: You have a small tail. [demonic ancestry]
    75 | D:1      | Reached XP level 2. HP: 22/22 MP: 2/2
   287 | D:1      | Gained mutation: You sometimes gain a little power by
                  | taking damage. [demonic ancestry]
   287 | D:1      | Reached XP level 3. HP: 28/28 MP: 3/3
   836 | D:2      | Found a faded altar of an unknown god.
  1307 | D:3      | Found a hide-covered altar of Uskayaw.
  1308 | D:3      | Identified a scroll of acquirement
  1308 | D:3      | Acquired a +2 longbow of freezing
  1327 | D:3      | Reached XP level 4. HP: 35/35 MP: 4/4
  1552 | D:3      | Noticed Grinder
  1555 | D:3      | Paralysed by Grinder for 4 turns
  1565 | D:3      | Killed Grinder
  1566 | D:3      | Gained mutation: You are partially covered in sharp spines.
                  | [demonic ancestry]
  1566 | D:3      | Reached XP level 5. HP: 20/41 MP: 5/5
  1566 | D:3      | Reached XP level 6. HP: 24/47 MP: 6/6
  1748 | D:3      | Noticed an ice beast
  1758 | D:3      | Killed an ice beast
  1877 | D:3      | Learned a level 1 spell: Sandblast
  1888 | D:3      | You fall into a shaft and drop 1 floor!
  1958 | D:3      | Found a shimmering altar of Xom.
  2488 | D:4      | Gained mutation: You have an unusually large brain. (Int
                  | +2) [demonic ancestry]
  2488 | D:4      | Reached XP level 7. HP: 50/54 MP: 7/7
  2536 | D:4      | Found a burning altar of Makhleb.
  2536 | D:4      | Noticed a balrug
  3240 | D:5      | Entered Level 5 of the Dungeon
  3333 | D:5      | Identified the +0 whip "Soceo" {spect, Will- SInv Stlth+}
  3451 | D:5      | Found a staircase to the Ecumenical Temple.
  3460 | Temple   | Entered the Ecumenical Temple
  3640 | D:5      | Gained mutation: You sometimes gain power by taking damage.
                  | [demonic ancestry]
  3640 | D:5      | Reached XP level 8. HP: 30/61 MP: 8/8
  3905 | D:5      | Reached skill level 5 in Fighting
  3905 | D:5      | Reached skill level 5 in Ranged Weapons
  3905 | D:5      | Reached skill level 5 in Dodging
  4637 | D:6      | Noticed Pikel
  4648 | D:6      | Killed Pikel
  5113 | D:6      | Found Zuts's Antique Weapon Emporium.
  5166 | D:6      | Gained mutation: You have a tail ending in a sharp stinger.
                  | [demonic ancestry]
  5166 | D:6      | Reached XP level 9. HP: 69/69 MP: 9/9
  5361 | D:6      | Noticed a troll
  5403 | D:6      | Slain by a troll

Illustrated notes

Levels and vault maps discovered:
D:1:      dpeg_arrival_lava_altar, layout_basic, moated_statue
D:2:      layout_loops_cross, hellmonk_ecumenical_altar_lost_god
D:3:      layout_loops_ring, mainiacjoe_overflow_divided_tiny, st_stairs_7,
          uniq_grinder
D:4:      layout_loops_cross, makhleb_altar_promises_db, grunt_ministairs_10,
          kennysheep_opposing_triangles
D:5:      nicolae_cairo_tiling, layout_loops_ring, temple_hall,
          lemuel_flamethrower_2
D:6:      minmay_chambers_of_sixes, layout_layer_cave, serial_shops,
          kennysheep_mini_moat, uniq_pikel
Temple:   eino_wide_crystal_templ

Skill      XL: |  1  2  3  4  5  6  7  8  9 |
---------------+----------------------------+-----
Long Blades    | 3 4 |  4.9
Dodging        | 3 4 5 6 |  6.0
Fighting       | 3 4 5 6 |  6.2
Ranged Weapons | 2 3 4 6 |  6.9
Axes           | 2 3 |  3.0
Throwing       | |  1.7

Action                     |  1- 3 |  4- 6 |  7- 9 || total
---------------------------+-------+-------+-------++-------
  Melee: Long sword        |    12 |       |       ||    12
         Whip              |    86 |    17 |    45 ||   148
         Tailslap          |     7 |     5 |     8 ||    20
         Punch             |       |       |     1 ||     1
         Battleaxe         |       |       |    32 ||    32
   Fire: Longbow           |     1 |    46 |    94 ||   141
   Cast: Sandblast         |       |     6 |     3 ||     9
    Use: Scroll            |    10 |     2 |     3 ||    15
   Stab: Sleeping          |     1 |       |       ||     1
 Armour: Leather armour    |    41 |    17 |    55 ||   113
  Dodge: Dodged            |    78 |    18 |   102 ||   198

Table legend: (Time is in decaauts)
 A = Elapsed time spent in this place.
 B = Non-inter-level travel time spent in this place.
 C = Inter-level travel time spent in this place.
 D = Time resting spent in this place.
 E = Time spent auto-exploring this place.
 F = Levels seen in this place.
 G = Mean time per level.
                   A        B        C        D        E       F      G
               +--------+--------+--------+--------+--------+-----+--------+
         Total |   5501 |   5340 |    161 |      0 |   4481 |   7 |  785.9 |
       Dungeon |   5499 |   5338 |    161 |      0 |   4481 |   6 |  916.5 |
        Temple |      1 |      1 |      0 |      0 |      0 |   1 |    1.0 |
               +--------+--------+--------+--------+--------+-----+--------+

Top non-repeatable levels by time:
     D:6: 1213 daAuts
     D:4: 1053 daAuts
     D:5: 994 daAuts
     D:3: 927 daAuts
     D:2: 746 daAuts
     D:1: 563 daAuts
  Temple: 1 daAuts
